 Dungeon Crawl Stone Soup version 0.23.0 (webtiles) character file.

Game seed: 8955960460646670907

55969 dengdeng the Bludgeoner (level 14, -3/129 HPs)
             Began as a Minotaur Berserker on Feb 11, 2019.
             Was the Champion of Trog.
             Slain by an orc warrior
             ... wielding a +0 hand axe
              (7 damage)
             ... on level 2 of the Orcish Mines on Feb 13, 2019.
             The game lasted 01:32:57 (23559 turns).

dengdeng the Bludgeoner (Minotaur Berserker)       Turns: 23559, Time: 01:32:58

Health: -3/129     AC: 28    Str: 25    XL:     14   Next: 40%
Magic:  0/4        EV: 10    Int:  4    God:    Trog [******]
Gold:   2322       SH:  0    Dex: 16    Spells: 13/13 levels left

rFire    . . .     SeeInvis .   L - +7 great mace "Qagico" {antimagic, rPois rC- rN+++ Dex+4}
rCold    . . .     Gourm    .   (shield currently unavailable)
rNeg     + + +     Faith    .   K - +5 plate armour
rPois    +         Spirit   +   (helmet restricted)
rElec    .         Reflect  .   N - +1 cloak {MR+}
rCorr    .         Harm     .   V - +2 pair of gloves
MR       ++...                  O - +0 pair of boots
Stlth    ..........             d - amulet of guardian spirit
HPRegen  0.31/turn              z - ring of positive energy
MPRegen  0.09/turn              p - ring of protection from cold

@: berserk cooldown, slowed, very slow
A: retaliatory headbutt, horns 2
a: Berserk, Trog's Hand, Brothers in Arms, Renounce Religion


You were on level 2 of the Orcish Mines.
You worshipped Trog.
Trog was exalted by your worship.
You were not hungry.

You visited 3 branches of the dungeon, and saw 18 of its levels.
You also visited: Sewer.

You collected 2322 gold pieces.

Inventory:

Hand Weapons
 L - the +7 great mace "Qagico" (weapon) {antimagic, rPois rC- rN+++ Dex+4}
   (Trog gifted it to you on level 9 of the Dungeon)

   It reduces the magical energy of the wielder, and disrupts the spells and
   magical abilities of those hit.
   Natural abilities and divine invocations are not affected.
   It affects your dexterity (+4).
   It makes you vulnerable to cold.
   It protects you from poison.
   It renders you almost immune to negative energy.
 R - a +6 battleaxe of chopping
 S - a +7 executioner's axe of distortion
Missiles
 f - 573 stones
 u - 42 tomahawks
 x - 6 javelins
 C - 3 steel tomahawks
 U - 6 javelins of penetration (quivered)
Armour
 b - a +2 shield
 K - a +5 plate armour (worn)
 N - a +1 cloak of magic resistance (worn)
 O - a +0 pair of boots (worn)
 V - a +2 pair of gloves (worn)
Jewellery
 d - an amulet of guardian spirit (around neck)
 p - a ring of protection from cold (right hand)
 z - a ring of positive energy (left hand)
Wands
 a - a wand of scattershot (8)
 y - a wand of enslavement (8)
 A - a wand of random effects (33)
 F - a wand of flame (23)
 H - a wand of acid (19)
 P - a wand of paralysis (11)
Scrolls
 i - 2 scrolls of enchant weapon {unknown}
 k - 8 scrolls of identify
 l - 3 scrolls of magic mapping {unknown}
 o - 14 scrolls of remove curse {unknown}
 s - 2 scrolls of fog {unknown}
 v - a scroll of noise {unknown}
 B - a scroll of amnesia {unknown}
 D - 2 scrolls of blinking {unknown}
 E - a scroll of silence {unknown}
Potions
 e - 6 potions of flight
 g - 2 potions of invisibility
 m - 6 potions of curing
 n - 5 potions of heal wounds
 q - 2 potions of brilliance {unknown}
 t - 2 potions of ambrosia {unknown}
 G - 4 potions of might
 I - 3 potions of agility {unknown}
 M - 2 potions of haste {unknown}
 T - 2 potions of degeneration {unknown}
Comestibles
 c - 24 rations


   Skills:
 + Level 13.1 Fighting
 + Level 14.5(17.8) Axes
 * Level 17.2(19.0) Maces & Flails
   Level 2.8(10.1) Polearms
 + Level 2.5 Throwing
 + Level 13.2 Armour
 + Level 4.4 Dodging
 + Level 1.5 Stealth


You had 13 spell levels left.
You didn't know any spells.
Your spell library was empty.

Dungeon Overview and Level Annotations

Branches:
Dungeon (15/15)            Temple (0/1) D:5            Lair (0/6) D:9
    Orc (2/2) D:12            Elf (0/3) Orc:2        Vaults (0/5) D:14
 Depths (1/5) D:15

Altars:
Cheibriados
Dithmenos
Gozag
Makhleb
Qazlal
Sif Muna
The Shining One
Beogh

Shops:
D:14 =

Portals:
Trove: D:10 (give +2 shadow dragon scales)

Annotations:
D:14 exclusion: Roxanne, Roxanne
Abyss:1 Nessos


Innate Abilities, Weirdness & Mutations

You reflexively headbutt those who attack you in melee.
You have a pair of horns on your head.


Message History

The orc warrior hits you but does no damage.
The orc high priest utters an invocation to Beogh.
Unknown command.
You pound the orange demon like an anvil!!!
You kill the orange demon!
You hear a shout!
The orc warrior no longer looks unusually strong.
The orc warrior closely misses you.
The orc high priest prays.
The orc high priest calls upon Beogh to heal the orc warrior.
The orc warrior is healed somewhat.
The orc high priest calls down the wrath of Beogh upon you.
Beogh smites you!
* * * LOW HITPOINT WARNING * * *
The hellwing swoops through the air toward you!
The hellwing hits you but does no damage. x2
You hammer the hellwing like a gong!!!
The hellwing is severely wounded.
The orc warrior hits you with a +0 hand axe!
You die...

........... .. #..#...... .
####. ## #........###.###.#.
##.# #......... #.#....#
....# #....#..##
....$.##....# #...#....#
#..4o......# ####.#.#...##
##o3.#.....#
###.#.....#...###o)oo...#
.#...#...###.#.#@#)o))..#
..#......# ##...4o##.o..#
........## #.....##..o..o4..
.........####....#.#..#.#...
..........#.##.........#oooo
.....)##.........#........o.
.....#)##...................
...........................#
.#.........................#


You could see a soul eater, 2 orc high priests, 2 hellwings, an orc sorcerer, 2
orc warriors and an orc priest.

Vanquished Creatures
  Agnes (D:14)
  An ironheart preserver (D:14)
  An ettin (Orc:1)
  A fire dragon (D:14)
  Josephine (Orc:2)
  An ice dragon (D:15)
  A rakshasa (D:14)
  A hydra (D:14)
  2 centaur warriors
  Erica (D:8)
  A death knight (D:14)
  An ogre mage (Orc:2)
  12 two-headed ogres
  2 tengu warriors (D:14)
  An orc high priest (Orc:2)
  An unseen horror (D:14)
  4 skeletal warriors
  A wizard (D:14)
  4 orc knights
  The ghost of Monsterracer the Cleaver, a novice MiBe of Trog (D:6)
  Pikel (D:8)
  A lindwurm (shapeshifter) (D:13)
  2 orc sorcerers
  4 ugly things
  2 deep elf magi
  3 cyclopes (D:15)
  2 manticores
  3 centaur zombies
  Maurice (D:8)
  2 gargoyles
  3 centaur skeletons
  3 komodo dragons
  An efreet (D:14)
  A tengu conjurer (D:14)
  A harpy zombie (D:14)
  6 trolls
  A queen bee (D:9)
  A hornet (D:14)
  Grinder (Sewer)
  4 hippogriffs
  4 wyverns
  Sigmund (D:5)
  4 wraiths
  A vampire (D:12)
  A spriggan (D:7)
  4 yaks (D:13)
  A steam dragon (D:8)
  Menkaure (D:5)
  12 vampire mosquitoes
  Edmund (D:4)
  9 wargs
  3 soldier ants (D:14)
  An acid dragon (D:14)
  3 water moccasins
  7 sky beasts
  4 ice beasts
  19 orc warriors
  2 black bears
  A hornet zombie (D:15)
  5 phantoms
  12 ogres
  An eye of draining (D:11)
  3 necrophages
  5 boggarts (D:14)
  12 centaurs
  3 big kobolds
  A crocodile (D:14)
  8 bullfrogs
  Blork the orc (D:6)
  A gnoll sergeant (D:10)
  3 scorpions
  33 killer bees
  11 wights
  2 howler monkeys
  4 crimson imps
  7 hounds
  2 quasits
  15 orc priests
  5 jellies
  20 orc wizards
  3 bullfrog skeletons
  Ijyb (D:4)
  4 iguanas
  9 worker ants
  2 big kobold zombies (Sewer)
  A hound skeleton (D:6)
  2 worker ant zombies (D:11)
  Robin (D:3)
  7 gnolls (D:10)
  10 adders
  9 shadow imps
  2 ufetubi (Sewer)
  An adder zombie (D:6)
  An adder skeleton (D:4)
  3 worms
  5 dart slugs
  7 leopard geckos
  77 orcs
  3 ball pythons
  9 giant cockroaches
  24 goblins
  11 hobgoblins
  18 jackals
  5 quokkas
  8 bats
  4 frilled lizards
  A giant cockroach zombie (D:5)
  38 kobolds
  2 kobold zombies (Sewer)
  A leopard gecko skeleton (D:7)
  A leopard gecko zombie (D:6)
  A quokka skeleton (D:8)
  8 rats
  A bush (D:4)
  A toadstool (D:1)
596 creatures vanquished.

Vanquished Creatures (others)
  A leopard gecko (D:8)
  A plant (D:9)
  3 toadstools (D:1)
5 creatures vanquished.

Grand Total: 601 creatures vanquished

Notes
Turn   | Place    | Note
-------+----------+-------------------------------------------
     0 | D:1      | dengdeng the Minotaur Berserker began the quest for the
                  | Orb.
     0 | D:1      | Reached XP level 1. HP: 19/19 MP: 0/0
   211 | D:1      | Reached XP level 2. HP: 27/27 MP: 1/1
   872 | D:1      | Reached XP level 3. HP: 29/34 MP: 2/2
  1008 | D:2      | Reached ** piety under Trog
  1076 | D:2      | Found a faded altar of an unknown god.
  1995 | D:3      | Reached skill level 5 in Axes
  1995 | D:3      | Reached XP level 4. HP: 3/41 MP: 3/3
  1998 | D:3      | HP: 2/41 [orc priest (1)]
  2614 | D:3      | Reached XP level 5. HP: 47/47 MP: 4/4
  2840 | D:3      | Noticed Robin
  2846 | D:3      | Reached *** piety under Trog
  2855 | D:3      | Killed Robin
  3314 | D:4      | Found a snail-covered altar of Cheibriados.
  3454 | D:4      | Noticed Ijyb
  3461 | D:4      | Killed Ijyb
  3467 | D:4      | Found a deep blue altar of Sif Muna.
  3471 | D:4      | Found a glowing golden altar of the Shining One.
  3546 | D:4      | Reached XP level 6. HP: 7/55 MP: 5/5
  3553 | D:4      | HP: 1/55 [leopard gecko (4)]
  3556 | D:4      | Reached skill level 5 in Fighting
  3970 | D:4      | Found a burning altar of Makhleb.
  4011 | D:4      | Noticed Edmund
  4025 | D:4      | Killed Edmund
  4275 | D:4      | Reached XP level 7. HP: 61/61 MP: 6/6
  4610 | D:5      | Entered Level 5 of the Dungeon
  4668 | D:5      | Noticed Menkaure
  4677 | D:5      | Killed Menkaure
  4677 | D:5      | Reached skill level 1 in Maces & Flails
  4768 | D:5      | Noticed Sigmund
  4774 | D:5      | Killed Sigmund
  4774 | D:5      | Reached skill level 2 in Maces & Flails
  4794 | D:5      | Found a staircase to the Ecumenical Temple.
  4843 | D:5      | Reached skill level 3 in Maces & Flails
  4950 | D:5      | Reached XP level 8. HP: 70/70 MP: 7/7
  5723 | D:6      | Found a shadowy altar of Dithmenos.
  5742 | D:6      | Reached **** piety under Trog
  5797 | D:6      | Found a runed translucent door.
  5893 | D:6      | Found a glowing drain.
  5904 | Sewer    | Entered a sewer
  5935 | Sewer    | Reached skill level 4 in Maces & Flails
  6171 | Sewer    | Found an ancient bone altar of Kikubaaqudgha.
  6271 | Sewer    | Reached skill level 5 in Maces & Flails
  6378 | Sewer    | Noticed Grinder
  6411 | Sewer    | Paralysed by Grinder for 6 turns
  6417 | Sewer    | Killed Grinder
  6417 | Sewer    | Reached skill level 1 in Polearms
  6417 | Sewer    | Reached skill level 1 in Stealth
  6640 | D:6      | Noticed Blork the orc
  6653 | D:6      | Killed Blork the orc
  6982 | D:6      | Found a deep blue altar of Sif Muna.
  7108 | D:6      | Found an opulent altar of Gozag.
  7270 | D:6      | Reached skill level 5 in Armour
  7498 | D:6      | Noticed Monsterracer's ghost (novice MiBe)
  7505 | D:6      | Reached XP level 9. HP: 78/78 MP: 8/8
  7628 | D:6      | Reached skill level 10 in Axes
  7639 | D:6      | Killed Monsterracer's ghost
  7639 | D:6      | Reached ***** piety under Trog
  7639 | D:6      | Reached skill level 6 in Maces & Flails
  8290 | D:7      | Reached skill level 7 in Maces & Flails
  8770 | D:8      | Noticed Erica
  8787 | D:8      | Killed Erica
  8787 | D:8      | Reached skill level 8 in Maces & Flails
  8787 | D:8      | Reached XP level 10. HP: 88/88 MP: 6/9
  8876 | D:8      | Noticed Pikel
  8876 | D:8      | Identified the +5 ring mail of Nobility {Int+5 Dex+2}
  8888 | D:8      | Killed Pikel
  8888 | D:8      | Reached skill level 9 in Maces & Flails
  8962 | D:8      | Found a sand-covered staircase.
  9237 | D:9      | Found a stormy altar of Qazlal.
  9314 | D:9      | Received a gift from Trog
  9324 | D:9      | Got a pitted great mace {god gift}
  9325 | D:9      | Identified the +7 great mace "Qagico" {antimagic, rPois rC-
                  | rN+++ Dex+4} (Trog gifted it to you on level 9 of the
                  | Dungeon)
  9468 | D:8      | Noticed Maurice
  9479 | D:8      | Killed Maurice
  9571 | D:8      | Found a stormy altar of Qazlal.
  9615 | D:8      | Reached skill level 10 in Maces & Flails
 10048 | D:9      | Reached skill level 11 in Maces & Flails
 10428 | D:9      | Found a staircase to the Lair.
 10764 | D:10     | Entered Level 10 of the Dungeon
 10777 | D:10     | Reached XP level 11. HP: 95/95 MP: 3/10
 10803 | D:10     | Found a portal to a secret trove of treasure.
 10860 | D:10     | Received a gift from Trog
 10999 | D:10     | Found an opulent altar of Gozag.
 11169 | D:10     | Reached skill level 12 in Maces & Flails
 11730 | D:11     | Received a gift from Trog
 12003 | D:11     | Noticed a red ugly thing
 12009 | D:11     | Noticed a green ugly thing
 12013 | D:11     | Killed a red ugly thing
 12020 | D:11     | Killed a green ugly thing
 12023 | D:11     | Reached ****** piety under Trog
 12027 | D:11     | HP: 3/99 [hippogriff (5)]
 12028 | D:11     | HP: 1/99 [hippogriff (2)]
 12879 | D:11     | Reached skill level 13 in Maces & Flails
 13105 | D:12     | Noticed a two-headed ogre
 13114 | D:12     | Killed a two-headed ogre
 13218 | D:12     | Reached skill level 10 in Fighting
 13475 | D:12     | Reached skill level 1 in Throwing
 13552 | D:12     | Reached skill level 10 in Armour
 13695 | D:12     | Found a staircase to the Orcish Mines.
 14265 | D:13     | Reached XP level 12. HP: 97/106 MP: 3/11
 14392 | D:13     | Reached skill level 14 in Maces & Flails
 14456 | D:13     | Noticed a two-headed ogre
 14464 | D:13     | Killed a two-headed ogre
 14641 | D:13     | Noticed a two-headed ogre
 14648 | D:13     | Killed a two-headed ogre
 14960 | D:13     | Received a gift from Trog
 15123 | D:13     | Noticed a two-headed ogre
 15214 | D:13     | Killed a two-headed ogre
 15273 | D:14     | Noticed a two-headed ogre
 15281 | D:14     | Killed a two-headed ogre
 15326 | D:14     | Noticed Roxanne
 15474 | D:14     | Noticed an ironheart preserver
 15476 | D:14     | Noticed Nessos
 15487 | D:14     | Killed an ironheart preserver
 15488 | D:14     | Found a gate to the Vaults.
 15748 | D:14     | Banished Nessos
 16026 | D:14     | Noticed a tengu warrior
 16028 | D:14     | Noticed a centaur warrior
 16028 | D:14     | Noticed a centaur warrior
 16031 | D:14     | Killed a tengu warrior
 16037 | D:14     | Killed a centaur warrior
 16150 | D:14     | Reached XP level 13. HP: 116/116 MP: 12/12
 16516 | D:14     | Noticed Agnes
 16525 | D:14     | Killed Agnes
 17071 | D:14     | Found Kotzemi's Jewellery Shop.
 17373 | D:14     | Reached skill level 15 in Maces & Flails
 17816 | D:15     | Entered Level 15 of the Dungeon
 18173 | D:14     | Received a gift from Trog
 18665 | D:15     | Noticed a fire dragon
 18864 | D:14     | Killed a fire dragon
 20401 | D:15     | Reached skill level 16 in Maces & Flails
 20797 | D:15     | Found a staircase to the Depths.
 21398 | Depths:1 | Entered Level 1 of the Depths
 21514 | Orc:1    | Entered Level 1 of the Orcish Mines
 21576 | Orc:1    | Paralysed by an orc sorcerer for 7 turns
 21585 | Orc:1    | Reached XP level 14. HP: 127/127 MP: 1/13
 21900 | Orc:1    | Found a roughly hewn altar of Beogh.
 22089 | Orc:2    | Entered Level 2 of the Orcish Mines
 22089 | Orc:2    | Noticed Josephine
 22107 | Orc:2    | Killed Josephine
 22947 | Orc:1    | Reached skill level 17 in Maces & Flails
 23194 | Orc:2    | Found a staircase to the Elven Halls.
 23539 | Orc:2    | Received a gift from Trog
 23558 | Orc:2    | HP: 4/129 [orc high priest/divine providence (10)]
 23559 | Orc:2    | Slain by an orc warrior

Skill      XL: |  1  2  3  4  5  6  7  8  9 10 11 12 13 14 |
---------------+-------------------------------------------+-----
Fighting       | 4 5 6 7 8 10 11 12 13 | 13.1
Axes           | 4 5 6 8 9 10 11 13 14 | 14.5
Armour         | 3 5 7 8 10 11 12 13 | 13.2
Maces & Flails | 3 5 8 11 13 14 16 17 | 17.2
Dodging        | 3 4 |  4.4
Polearms       | 2 |  2.8
Stealth        | 1 |  1.5
Throwing       | 1 2 |  2.5

Action                   |  1- 3 |  4- 6 |  7- 9 | 10-12 | 13-15 || total
-------------------------+-------+-------+-------+-------+-------++-------
Melee: Hand axe          |    88 |    52 |       |       |       ||   140
       Headbutt          |    12 |    20 |    59 |   125 |   110 ||   326
       War axe           |       |    63 |       |       |       ||    63
       Dire flail        |       |     3 |   295 |    66 |       ||   364
       Halberd           |       |       |    36 |       |       ||    36
       Great mace        |       |       |       |   401 |   382 ||   783
       Battleaxe         |       |       |       |    28 |       ||    28
       Executioner's axe |       |       |       |    66 |    48 ||   114
Throw: Stone             |     1 |     1 |     8 |       |     4 ||    14
       Tomahawk          |       |       |     1 |     7 |       ||     8
       Javelin           |       |       |       |    17 |    24 ||    41
Invok: Berserk           |       |     3 |     3 |     2 |     7 ||    15
       Trog's Hand       |       |       |       |     1 |       ||     1
  Use: Scroll            |       |       |     1 |    12 |     5 ||    18
       Potion            |       |       |     1 |     1 |     1 ||     3
  Eat: Chunk             |     2 |     9 |    11 |    24 |     8 ||    54
       Ration            |       |     1 |     1 |     1 |     7 ||    10
Armor: Leather armour    |    31 |     1 |       |       |       ||    32
       Animal skin       |     1 |       |       |       |       ||     1
       Ring mail         |       |    43 |       |       |       ||    43
       Chain mail        |       |     8 |   183 |       |       ||   191
       Scale mail        |       |     6 |       |       |       ||     6
       Plate armour      |       |       |    24 |   417 |   379 ||   820
Dodge: Dodged            |    70 |    73 |   167 |   301 |   278 ||   889
